[Event "January 9 Early 2024"]
[Site "https://www.chess.com"]
[Date "2024.01.11"]
[Round "3"]
[White "Carnicelli, Valerio"]
[Black "Beerdsen, Thomas"]
[Result "0-1"]
[Board "100"]
[TimeControl "180+1"]
[WhiteFideId "856185"]
[BlackFideId "1030108"]
[WhiteElo "2587"]
[BlackElo "2854"]
[WhiteTeam "ITA"]
[BlackTeam "NED"]
[WhiteClock "0:00:02"]
[BlackClock "0:01:27"]

1. b3 Nc6 2. Bb2 e5 3. e3 Nf6 4. Bb5 Bd6 5. Nf3 e4 6. Nd4 Nxd4 7. Bxd4 h5 8. h3 c6 9. Be2 Be7 10. c4 d5 11. cxd5 cxd5 12. Nc3 a6 13. d3 Bf5 14. Rc1 h4 15. O-O O-O 16. Be5 Rc8 17. d4 b5 18. Qd2 Qd7 19. Nb1 Qe6 20. Rxc8 Rxc8 21. Rc1 Re8 22. Bf1 Nd7 23. Bh2 Qg6 24. Kh1 b4 25. Qe2 Ra8 26. Rc7 Qb6 27. Qc2 a5 28. Nd2 Be6 29. Be2 Bd8 30. Rc6 Qb7 31. Bd6 Nb6 32. Bh2 a4 33. bxa4 Nxa4 34. Nb1 Nc3 35. Rxc3 bxc3 36. Nxc3 Qc6 37. Qb2 Rc8 38. Nb5 Qc1+ 39. Qxc1 Rxc1+ 40. Bg1 Ba5 41. Kh2 Bd7 42. a4 Ra1 0-1

[Event "January 9 Early 2024"]
[Site "https://www.chess.com"]
[Date "2024.01.11"]
[Round "3"]
[White "Baches Garcia, Guillermo"]
[Black "Perez Ponsa, Federico"]
[Result "0-1"]
[Board "101"]
[TimeControl "180+1"]
[WhiteFideId "2209764"]
[BlackFideId "117927"]
[WhiteElo "2516"]
[BlackElo "2867"]
[WhiteTeam "ESP"]
[BlackTeam "ARG"]
[WhiteClock "0:00:10"]
[BlackClock "0:01:03"]

1. d4 Nf6 2. Nf3 d5 3. Bg5 c5 4. e3 Nc6 5. Nbd2 cxd4 6. exd4 h6 7. Bh4 Bf5 8. c3 e6 9. Be2 Bd6 10. O-O O-O 11. Re1 Rb8 12. a4 Bh7 13. Bf1 Qc7 14. b4 a5 15. b5 Ne7 16. Bxf6 gxf6 17. c4 Bb4 18. c5 Kh8 19. Re3 Rg8 20. g3 Nf5 21. Rb3 h5 22. Bg2 h4 23. Nf1 Rg7 24. Rc1 Rbg8 25. Qe2 Rg4 26. Rd1 Re4 27. Ne3 hxg3 28. hxg3 Nh6 29. Qb2 Qb8 30. Nc2 Re2 31. Qc1 Ng4 32. Nxb4 Nxf2 0-1

[Event "January 9 Early 2024"]
[Site "https://www.chess.com"]
[Date "2024.01.11"]
[Round "3"]
[White "Krivenko, Dion"]
[Black "Sipila, Vilka"]
[Result "0-1"]
[Board "102"]
[TimeControl "180+1"]
[WhiteFideId "4508378"]
[BlackFideId "505455"]
[WhiteElo "2448"]
[BlackElo "2659"]
[WhiteTeam "EST"]
[BlackTeam "FIN"]
[WhiteClock "0:00:02"]
[BlackClock "0:00:51"]

1. e4 c5 2. Nf3 e6 3. Qe2 Nc6 4. c3 Nf6 5. g3 Be7 6. Bg2 d5 7. d3 O-O 8. O-O Qc7 9. Bf4 e5 10. exd5 exf4 11. dxc6 bxc6 12. Ne5 fxg3 13. hxg3 Bd6 14. Nc4 Bg4 15. Qc2 Rfe8 16. Nbd2 Re2 17. Rfe1 Rae8 18. Rxe2 Rxe2 19. Qa4 Bxg3 20. Qxc6 Bxf2+ 21. Kf1 Qg3 22. Ne4 Rxe4 23. dxe4 h5 24. e5 Nh7 25. Qa8+ Nf8 26. Qe4 h4 27. Nd2 h3 0-1

[Event "January 9 Early 2024"]
[Site "https://www.chess.com"]
[Date "2024.01.11"]
[Round "3"]
[White "Rangel, Daniel"]
[Black "Kobalia, Mikhail"]
[Result "1/2-1/2"]
[Board "103"]
[TimeControl "180+1"]
[WhiteFideId "2124475"]
[BlackFideId "4119150"]
[WhiteElo "2511"]
[BlackElo "2739"]
[WhiteTeam "BRA"]
[BlackTeam "FID"]
[WhiteClock "0:00:36"]
[BlackClock "0:00:41"]

1. c4 e5 2. g3 g6 3. Bg2 Bg7 4. Nc3 d6 5. e3 f5 6. Nge2 Nf6 7. d3 O-O 8. O-O a5 9. a3 Nbd7 10. Rb1 g5 11. b4 axb4 12. axb4 g4 13. Nd5 Nxd5 14. cxd5 Nf6 15. Qc2 h5 16. Bd2 h4 17. Rfc1 Rf7 18. b5 b6 19. Ra1 Bb7 20. Rxa8 Qxa8 21. e4 h3 22. Bf1 Qe8 23. Ra1 Qxb5 24. Ra7 Bc8 25. Rxc7 Bd7 26. Bg5 Qa4 27. Rc8+ Kh7 28. Qxa4 Bxa4 29. Rb8 fxe4 30. Bxf6 exd3 31. Bxg7 dxe2 32. Bxe2 Rxg7 33. Rxb6 Rc7 34. f3 gxf3 35. Bxf3 Rc1+ 36. Kf2 Rc2+ 37. Kg1 Rc1+ 38. Kf2 Rc2+ 39. Kg1 Rc1+ 1/2-1/2

[Event "January 9 Early 2024"]
[Site "https://www.chess.com"]
[Date "2024.01.11"]
[Round "3"]
[White "Perske, Thore"]
[Black "Mesquita, Eduardo Barbosa"]
[Result "1-0"]
[Board "104"]
[TimeControl "180+1"]
[WhiteFideId "12902195"]
[BlackFideId "22757163"]
[WhiteElo "2632"]
[BlackElo "2432"]
[WhiteTeam "GER"]
[BlackTeam "BRA"]
[WhiteClock "0:00:56"]
[BlackClock "0:00:02"]

1. e4 c5 2. Nf3 d6 3. g3 Nc6 4. Bg2 Nf6 5. d3 Bg4 6. O-O g6 7. h3 Bd7 8. Nc3 Bg7 9. Be3 O-O 10. Qd2 Re8 11. Bh6 Bh8 12. Ng5 Rb8 13. a4 a6 14. f4 b5 15. axb5 axb5 16. Rae1 b4 17. Nd1 Nd4 18. Ne3 Bc6 19. g4 Nd7 20. c3 Nb3 21. Qc2 bxc3 22. bxc3 e5 23. f5 Nf8 24. fxg6 fxg6 25. Nd5 Rb7 26. Rb1 c4 27. dxc4 Na5 28. Rxb7 Nxb7 29. Qf2 Bxd5 30. cxd5 Bg7 31. Qf7+ Kh8 1-0

[Event "January 9 Early 2024"]
[Site "https://www.chess.com"]
[Date "2024.01.11"]
[Round "3"]
[White "Wafa, Hamed"]
[Black "Jimenez Almeida, Luis David"]
[Result "1-0"]
[Board "105"]
[TimeControl "180+1"]
[WhiteFideId "10628452"]
[BlackFideId "22242244"]
[WhiteElo "2826"]
[BlackElo "2513"]
[WhiteTeam "EGY"]
[BlackTeam "ESP"]
[WhiteClock "0:01:03"]
[BlackClock "0:00:04"]

1. e4 c5 2. Nf3 e6 3. d4 cxd4 4. Nxd4 Nf6 5. Nc3 Nc6 6. g3 a6 7. Bg2 Qc7 8. O-O Be7 9. Nxc6 bxc6 10. b3 O-O 11. Bb2 a5 12. Re1 e5 13. Na4 d6 14. c4 Be6 15. Rc1 Rfd8 16. Qc2 h5 17. c5 Rac8 18. cxd6 Bxd6 19. Nc5 Bxc5 20. Qxc5 Nd7 21. Qc3 a4 22. bxa4 Bxa2 23. Red1 Be6 24. Bf1 Ra8 25. Qxc6 Qxc6 26. Rxc6 Rxa4 27. Bxe5 Rxe4 28. Bf4 Ra4 29. Bb5 Raa8 30. Rcd6 Ra7 31. Bg5 f6 32. Rxe6 fxg5 33. Re7 Rb8 34. Rdxd7 Rxd7 35. Bxd7 Kf8 36. Re5 h4 37. gxh4 1-0

[Event "January 9 Early 2024"]
[Site "https://www.chess.com"]
[Date "2024.01.11"]
[Round "3"]
[White "Kanyamarala, Tarun"]
[Black "Mekhitarian, Krikor Sevag"]
[Result "1-0"]
[Board "106"]
[TimeControl "180+1"]
[WhiteFideId "45004714"]
[BlackFideId "2107660"]
[WhiteElo "2523"]
[BlackElo "2751"]
[WhiteTeam "IRL"]
[BlackTeam "BRA"]
[WhiteClock "0:00:35"]
[BlackClock "0:00:03"]

1. e4 e6 2. d4 d5 3. e5 c5 4. c3 Nc6 5. Nf3 Bd7 6. Bd3 cxd4 7. O-O dxc3 8. Nxc3 a6 9. Be3 Nge7 10. h4 Ng6 11. Re1 Nxh4 12. Ng5 Ng6 13. Nxd5 exd5 14. e6 Bxe6 15. Qh5 Qf6 16. Nxe6 fxe6 17. Bg5 Qf7 18. Bxg6 hxg6 19. Qxh8 Kd7 20. Rad1 Re8 21. Qh3 Kc7 22. Bh4 e5 23. Qb3 Bc5 24. Rxd5 Rf8 25. Rxc5 1-0

[Event "January 9 Early 2024"]
[Site "https://www.chess.com"]
[Date "2024.01.11"]
[Round "3"]
[White "Shubenkova, Veronika"]
[Black "Semenenko, Dmytry"]
[Result "1-0"]
[Board "107"]
[TimeControl "180+1"]
[WhiteFideId "44124040"]
[BlackFideId "14118645"]
[WhiteElo "2583"]
[BlackElo "2364"]
[WhiteTeam "RUS"]
[BlackTeam "UKR"]
[WhiteClock "0:01:02"]
[BlackClock "0:00:04"]

1. d4 d5 2. e3 Nf6 3. f4 g6 4. Nf3 Bg7 5. c3 O-O 6. Bd3 c5 7. Nbd2 cxd4 8. exd4 Nc6 9. O-O Qb6 10. Kh1 Bf5 11. Qe2 Bxd3 12. Qxd3 Rac8 13. Ne5 Nxe5 14. fxe5 Nd7 15. Qh3 e6 16. Nf3 f6 17. exf6 Nxf6 18. Ng5 Nh5 19. Rxf8+ Rxf8 20. Be3 Bh6 21. Nxe6 Qxb2 22. Rg1 Bxe3 23. Qxe3 Re8 24. Qh3 Qe2 25. Nc7 Re3 26. Qc8+ Kg7 27. Nxd5 Re6 28. Qxb7+ Kh6 29. Qb8 Re4 30. Qf8+ Kg5 31. Qf3 Ng7 32. Nf6 Kh6 33. Nxe4 1-0

[Event "January 9 Early 2024"]
[Site "https://www.chess.com"]
[Date "2024.01.11"]
[Round "3"]
[White "Michalski, Olaf"]
[Black "Matveeva, Olga"]
[Result "0-1"]
[Board "108"]
[TimeControl "180+1"]
[WhiteFideId "1106740"]
[BlackFideId "24107018"]
[WhiteElo "2156"]
[BlackElo "2394"]
[WhiteTeam "POL"]
[BlackTeam "RUS"]
[WhiteClock "0:00:02"]
[BlackClock "0:00:56"]

1. d4 d5 2. c4 e6 3. Nc3 Nf6 4. Bg5 dxc4 5. e3 c5 6. Nf3 Nc6 7. Bxc4 cxd4 8. exd4 Be7 9. O-O O-O 10. Qd2 b6 11. Rad1 Bb7 12. Qf4 Nb4 13. Ne5 Nbd5 14. Qg3 Rc8 15. Bxd5 Nxd5 16. Bh6 Bf6 17. Ne4 Re8 18. Nxf6+ Qxf6 19. Bg5 Qf5 20. Rfe1 Rc2 21. Bh6 g6 22. Rd3 Nf6 23. Rf3 Bxf3 24. gxf3 Rxb2 25. Rc1 Nd5 26. Ng4 Rxa2 27. Qe5 Qxe5 28. dxe5 0-1

[Event "January 9 Early 2024"]
[Site "https://www.chess.com"]
[Date "2024.01.11"]
[Round "3"]
[White "Spitzl, Vinzent"]
[Black "Peiris, T G M"]
[Result "1-0"]
[Board "109"]
[TimeControl "180+1"]
[WhiteFideId "12901253"]
[BlackFideId "9901310"]
[WhiteElo "2446"]
[BlackElo "2248"]
[WhiteTeam "GER"]
[BlackTeam "SRI"]
[WhiteClock "0:01:04"]
[BlackClock "0:00:12"]

1. e4 c6 2. d4 d5 3. exd5 cxd5 4. Bd3 Nf6 5. c3 Nc6 6. Bf4 Bg4 7. Qb3 Qd7 8. Nd2 e6 9. h3 Bh5 10. Ngf3 Bd6 11. Bxd6 Qxd6 12. O-O O-O 13. Rfe1 Bxf3 14. Nxf3 a6 15. Ne5 b5 16. a3 Rab8 17. Qd1 a5 18. b4 Rfc8 19. Qe2 Na7 20. Rac1 a4 21. g3 Rc7 22. h4 Qb6 23. g4 Nc8 24. g5 Ne8 25. Kh1 Ned6 26. h5 Ne7 27. h6 g6 28. Ng4 Nef5 29. Nf6+ Kf8 30. Nxh7+ Ke7 31. Nf6 Qc6 32. Qe5 Kd8 33. h7 Ke7 34. Ng8+ 1-0

[Event "January 9 Early 2024"]
[Site "https://www.chess.com"]
[Date "2024.01.11"]
[Round "3"]
[White "Nouali, Mohamed"]
[Black "Drygalov, Sergey"]
[Result "0-1"]
[Board "110"]
[TimeControl "180+1"]
[WhiteFideId "5502462"]
[BlackFideId "24171743"]
[WhiteElo "2595"]
[BlackElo "2939"]
[WhiteTeam "TUN"]
[BlackTeam "RUS"]
[WhiteClock "0:00:02"]
[BlackClock "0:01:02"]

1. e4 c5 2. Nf3 d6 3. d4 cxd4 4. Nxd4 Nf6 5. Nc3 a6 6. Bc4 e6 7. Bb3 Nbd7 8. Bg5 Nc5 9. f4 Be7 10. Qf3 Qc7 11. O-O-O b5 12. Rhe1 Bb7 13. Bxf6 gxf6 14. Qh5 b4 15. Nxe6 Nxe6 16. Bxe6 bxc3 17. e5 fxe5 18. fxe5 d5 19. Bxf7+ Kd8 20. Bxd5 Bxd5 21. Rxd5+ Kc8 22. Qg4+ Kb8 23. Rd7 Qc5 24. Red1 Ra7 25. Rxa7 Qxa7 26. Qc4 cxb2+ 27. Kb1 Rc8 28. Qe6 Qc5 29. Qb3+ Ka8 30. a4 Qc6 31. e6 Bf6 32. Rd7 Qxg2 0-1

[Event "January 9 Early 2024"]
[Site "https://www.chess.com"]
[Date "2024.01.11"]
[Round "3"]
[White "Aarav Dengla"]
[Black "Begunov, Konstantin"]
[Result "0-1"]
[Board "111"]
[TimeControl "180+1"]
[WhiteFideId "45059756"]
[BlackFideId "4118510"]
[WhiteElo "2643"]
[BlackElo "2473"]
[WhiteTeam "IND"]
[BlackTeam "RUS"]
[WhiteClock "0:01:16"]
[BlackClock "0:00:11"]

1. b3 d5 2. Bb2 Bg4 3. g3 c6 4. Bg2 Nd7 5. Nf3 f6 6. d4 e6 7. c4 Bd6 8. O-O Qe7 9. Nbd2 f5 10. Qc2 Ngf6 11. Ne5 Bh5 12. f4 O-O 13. c5 Bxe5 14. fxe5 Ne4 15. Nxe4 fxe4 16. e3 Qg5 17. Rf4 Qe7 18. Raf1 g5 19. R4f2 Rxf2 20. Rxf2 Rf8 21. Bc3 Rxf2 22. Qxf2 Qf7 23. h3 Bf3 24. Bxf3 exf3 25. Kh2 h5 26. g4 hxg4 27. hxg4 Qh7+ 28. Kg3 Qd3 29. Be1 Nf8 30. Qxf3 Ng6 31. Kg2 Qc2+ 32. Kg1 Qb1 33. Kf1 Nh4 34. Qf6 Kh7 35. Qxg5 Qxe1+ 36. Kxe1 Nf3+ 37. Ke2 Nxg5 38. b4 Kg6 39. a4 a6 40. Kd3 Ne4 41. Kc2 Kg5 42. b5 a5 43. Kb3 Kxg4 0-1

[Event "January 9 Early 2024"]
[Site "https://www.chess.com"]
[Date "2024.01.11"]
[Round "3"]
[White "Ozer, Omer Faruk"]
[Black "Chigaev, Maksim"]
[Result "0-1"]
[Board "112"]
[TimeControl "180+1"]
[WhiteFideId "6354564"]
[BlackFideId "4108116"]
[WhiteElo "2715"]
[BlackElo "2960"]
[WhiteTeam "TUR"]
[BlackTeam "ESP"]
[WhiteClock "0:00:02"]
[BlackClock "0:00:33"]

1. e4 e5 2. Nc3 Nf6 3. g3 Bc5 4. Bg2 c6 5. Nf3 d5 6. O-O d4 7. Ne2 Nbd7 8. d3 Be7 9. h3 O-O 10. Nh2 c5 11. f4 b5 12. Nf3 Bd6 13. g4 Rb8 14. Qe1 c4 15. Qg3 Qc7 16. fxe5 Nxe5 17. Bf4 Nxf3+ 18. Rxf3 Bxf4 19. Nxf4 Be6 20. g5 Nd7 21. Qf2 Ne5 22. Rg3 Ng6 23. Ne2 Rbd8 24. Kh2 f6 0-1

[Event "January 9 Early 2024"]
[Site "https://www.chess.com"]
[Date "2024.01.11"]
[Round "3"]
[White "Plyasunov, Daniil"]
[Black "Valle Luis, Leo"]
[Result "1-0"]
[Board "113"]
[TimeControl "180+1"]
[WhiteFideId "44133839"]
[BlackFideId "54577187"]
[WhiteElo "2747"]
[BlackElo "2502"]
[WhiteTeam "RUS"]
[BlackTeam "ESP"]
[WhiteClock "0:01:07"]
[BlackClock "0:00:01"]

1. e4 c6 2. d4 d5 3. e5 c5 4. dxc5 e6 5. a3 Bxc5 6. Nf3 Nd7 7. Bd3 a5 8. O-O Ne7 9. Nc3 Ng6 10. Qe2 O-O 11. Nb5 b6 12. Bg5 Be7 13. Bxe7 Qxe7 14. Bxg6 fxg6 15. Nfd4 Ba6 16. a4 Nc5 17. c3 Rf7 18. f3 Nd7 19. Qe3 Bxb5 20. axb5 Raf8 21. Nc6 Qc5 22. Nd4 Re8 23. Rfc1 h6 24. h4 Qf8 25. Nc6 Nc5 26. Re1 Rf4 27. b4 axb4 28. cxb4 Nd7 29. Ra7 d4 30. Qd3 Nb8 31. Qxg6 Nxc6 32. bxc6 Rxh4 33. Rxg7+ Qxg7 34. Qxe8+ Kh7 35. Qxe6 d3 36. Qf5+ Kh8 37. Ra1 Rd4 1-0

[Event "January 9 Early 2024"]
[Site "https://www.chess.com"]
[Date "2024.01.11"]
[Round "3"]
[White "Hernandez Santos, David Ale"]
[Black "Nord, Alexander"]
[Result "0-1"]
[Board "114"]
[TimeControl "180+1"]
[WhiteFideId "5132002"]
[BlackFideId "1738135"]
[WhiteElo "1988"]
[BlackElo "2340"]
[WhiteTeam "MEX"]
[BlackTeam "SWE"]
[WhiteClock "0:00:24"]
[BlackClock "0:00:27"]

1. d4 Nf6 2. Nc3 d5 3. Bf4 e6 4. Nb5 Na6 5. e3 Be7 6. Nf3 O-O 7. a3 c6 8. Nc3 c5 9. Bxa6 bxa6 10. O-O a5 11. Ne5 Qb6 12. Rb1 Ba6 13. Re1 Rfc8 14. dxc5 Qxc5 15. Nd3 Qb6 16. Qd2 Ne4 17. Nxe4 dxe4 18. Nc1 Rd8 19. Qc3 Rac8 20. Qb3 Qc6 21. h4 Qxc2 22. Qxc2 Rxc2 23. Be5 Bxh4 24. g3 Bf6 25. Bxf6 gxf6 26. b3 Rdd2 27. Rf1 Bxf1 28. Kxf1 Rxf2+ 29. Ke1 Rh2 30. Kd1 Rcg2 0-1

[Event "January 9 Early 2024"]
[Site "https://www.chess.com"]
[Date "2024.01.11"]
[Round "3"]
[White "Gabrielian, Artur"]
[Black "Vachier-Lagrave, Maxime"]
[Result "0-1"]
[Board "115"]
[TimeControl "180+1"]
[WhiteFideId "4131002"]
[BlackFideId "623539"]
[WhiteElo "2800"]
[BlackElo "3182"]
[WhiteTeam "RUS"]
[BlackTeam "FRA"]
[WhiteClock "0:00:01"]
[BlackClock "0:00:36"]

1. e4 c5 2. Nf3 Nc6 3. Bb5 g6 4. O-O Bg7 5. d3 d6 6. Bxc6+ bxc6 7. e5 Bg4 8. exd6 exd6 9. h3 Bxf3 10. Qxf3 Ne7 11. Nc3 h6 12. Bf4 O-O 13. Rfe1 Qd7 14. Ne4 Nf5 15. c3 Rae8 16. Re2 Re6 17. Rae1 Rfe8 18. g4 Nh4 19. Qg3 Qd8 20. Kf1 g5 21. Bxd6 f5 22. gxf5 Nxf5 23. Qg4 Nxd6 24. Nxd6 Rxe2 25. Rxe2 Rxe2 26. Nb7 Qe7 0-1

[Event "January 9 Early 2024"]
[Site "https://www.chess.com"]
[Date "2024.01.11"]
[Round "3"]
[White "Yonal, Timur"]
[Black "De Winter, Arthur"]
[Result "0-1"]
[Board "116"]
[TimeControl "180+1"]
[WhiteFideId "44115725"]
[BlackFideId "1069020"]
[WhiteElo "2290"]
[BlackElo "2808"]
[WhiteTeam "TUR"]
[BlackTeam "NED"]
[WhiteClock "0:00:14"]
[BlackClock "0:00:43"]

1. e4 h6 2. d4 e6 3. c4 d5 4. exd5 exd5 5. Nc3 Nf6 6. Nf3 Bb4 7. Be2 O-O 8. O-O Nc6 9. a3 Be7 10. h3 Be6 11. c5 Ne4 12. Qc2 f5 13. b4 Bf6 14. Rd1 a6 15. Rb1 g5 16. Bd3 Qe7 17. Ne2 g4 18. hxg4 fxg4 19. Bxe4 dxe4 20. Qxe4 gxf3 21. Qxf3 Bg7 22. Qg3 Bf5 23. Rb2 Kh7 24. Rbd2 Rad8 25. d5 Ne5 26. Bb2 Nc4 27. d6 cxd6 28. cxd6 Qf7 29. Bxg7 Qxg7 30. Qxg7+ Kxg7 31. Rd4 Nxa3 32. Nf4 Nb5 33. Rd5 Nc3 0-1

[Event "January 9 Early 2024"]
[Site "https://www.chess.com"]
[Date "2024.01.11"]
[Round "3"]
[White "Boruchovsky, Avital"]
[Black "Matko, Ognjen"]
[Result "1-0"]
[Board "117"]
[TimeControl "180+1"]
[WhiteFideId "2800055"]
[BlackFideId "14509717"]
[WhiteElo "2780"]
[BlackElo "2508"]
[WhiteTeam "ISR"]
[BlackTeam "CRO"]
[WhiteClock "0:00:33"]
[BlackClock "0:00:02"]

1. e4 g6 2. d4 Bg7 3. Nf3 d6 4. c4 a6 5. h3 Nd7 6. Be3 c5 7. Nc3 Qa5 8. Bd3 Ngf6 9. e5 Ng8 10. exd6 exd6 11. O-O Ngf6 12. Bf4 O-O 13. Bxd6 Re8 14. Re1 cxd4 15. Nd5 Rxe1+ 16. Qxe1 Qxe1+ 17. Rxe1 Nxd5 18. Re8+ Bf8 19. cxd5 Kg7 20. Bxf8+ Nxf8 21. d6 Nd7 22. Nxd4 b5 23. g4 Bb7 24. Re7 Bc8 25. Be4 Rb8 26. Bd5 1-0

[Event "January 9 Early 2024"]
[Site "https://www.chess.com"]
[Date "2024.01.11"]
[Round "3"]
[White "Rozman, Levy"]
[Black "Narayanan S L"]
[Result "0-1"]
[Board "118"]
[TimeControl "180+1"]
[WhiteFideId "2039877"]
[BlackFideId "5058422"]
[WhiteElo "2654"]
[BlackElo "3019"]
[WhiteTeam "USA"]
[BlackTeam "IND"]
[WhiteClock "0:00:01"]
[BlackClock "0:01:53"]

1. e4 c5 2. Nc3 a6 3. d4 cxd4 4. Qxd4 Nc6 5. Qe3 e6 6. Bd2 b5 7. O-O-O Bb7 8. Kb1 Rc8 9. Nf3 d6 10. g4 Nf6 11. g5 Ng4 12. Qe2 Be7 13. Rg1 Nge5 14. Nxe5 Nxe5 15. Qe3 Qc7 16. f4 Nc4 17. Bxc4 Qxc4 18. b3 Qc5 19. Qxc5 Rxc5 20. Rde1 O-O 21. f5 Rfc8 22. f6 Bf8 23. Rg3 b4 24. Na4 Rxc2 25. Bxb4 Rxh2 26. Rc3 Rxc3 27. Nxc3 gxf6 28. gxf6 h5 29. Rg1+ Kh7 30. e5 Rd2 31. Kc1 Rd4 32. Bxd6 Bxd6 33. Rg7+ Kh6 34. exd6 Rxd6 35. Rxf7 Bf3 36. Rf8 Kg6 37. Rg8+ Kf7 38. Rg3 Bg4 39. Ne4 Rd4 40. Ng5+ Kxf6 41. Nh3 Kf5 42. Nf2 e5 43. Kc2 h4 44. Rc3 Rf4 45. Nd3 Rf3 46. Rc5 Re3 47. Kd2 Re2+ 48. Kc3 h3 49. Rc8 h2 50. Rf8+ Ke6 51. Rh8 Bf3 52. Rh6+ Kf7 53. Rh7+ Kg8 54. Rh3 h1=Q 55. Rxh1 Bxh1 0-1

[Event "January 9 Early 2024"]
[Site "https://www.chess.com"]
[Date "2024.01.11"]
[Round "3"]
[White "Santeramo, Alessia Carmen"]
[Black "de Lisle, Sarah"]
[Result "1-0"]
[Board "119"]
[TimeControl "180+1"]
[WhiteFideId "850810"]
[BlackFideId "402605"]
[WhiteElo "2321"]
[BlackElo "1927"]
[WhiteTeam "ITA"]
[BlackTeam "ENG"]
[WhiteClock "0:00:36"]
[BlackClock "0:00:08"]

1. e4 e5 2. Nf3 Nc6 3. Bb5 a6 4. Ba4 Nf6 5. O-O Be7 6. Re1 b5 7. Bb3 d6 8. c3 O-O 9. d4 Bg4 10. d5 Na5 11. Bc2 Rc8 12. h3 Bh5 13. Nbd2 c6 14. dxc6 Nxc6 15. Nf1 Bxf3 16. Qxf3 d5 17. exd5 Nxd5 18. Ng3 Nf6 19. Nf5 Re8 20. Qg3 g6 21. Bb3 Rf8 22. Bh6 Nh5 23. Qf3 gxf5 24. Qxh5 Re8 25. Qxf5 Bf6 26. Rad1 Qe7 27. Rd7 Qc5 28. Bxf7+ 1-0

[Event "January 9 Early 2024"]
[Site "https://www.chess.com"]
[Date "2024.01.11"]
[Round "3"]
[White "Erigaisi Arjun"]
[Black "Shkapenko, Pavel"]
[Result "1-0"]
[Board "120"]
[TimeControl "180+1"]
[WhiteFideId "35009192"]
[BlackFideId "4151933"]
[WhiteElo "3031"]
[BlackElo "2756"]
[WhiteTeam "IND"]
[BlackTeam "FID"]
[WhiteClock "0:00:43"]
[BlackClock "0:00:15"]

1. a3 e5 2. c4 c6 3. e3 d5 4. Nf3 e4 5. Nd4 Nf6 6. cxd5 Qxd5 7. Nc3 Qg5 8. f4 exf3 9. Nxf3 Qg4 10. b4 Bd6 11. Bb2 O-O 12. Qe2 Nbd7 13. O-O-O a5 14. h3 Qg3 15. Qd3 Bc7 16. b5 Nc5 17. Qc2 a4 18. Kb1 Qd6 19. d4 Nb3 20. e4 Qd8 21. d5 cxd5 22. e5 Nh5 23. Nxd5 Ba5 24. g4 Ng3 25. Rg1 Nxf1 26. Rgxf1 Kh8 27. Nf6 gxf6 28. Rxd8 Rxd8 29. e6 Bxe6 30. Bxf6+ Kg8 31. Ng5 Nd2+ 32. Kb2 Nc4+ 33. Ka1 1-0

[Event "January 9 Early 2024"]
[Site "https://www.chess.com"]
[Date "2024.01.11"]
[Round "3"]
[White "Sethuraman, S.P."]
[Black "Kleiman, Jake"]
[Result "1-0"]
[Board "121"]
[TimeControl "180+1"]
[WhiteFideId "5021596"]
[BlackFideId "2020041"]
[WhiteElo "2888"]
[BlackElo "2635"]
[WhiteTeam "IND"]
[BlackTeam "USA"]
[WhiteClock "0:01:02"]
[BlackClock "0:00:10"]

1. e4 e5 2. Nf3 Nc6 3. Bc4 Bc5 4. d3 Nf6 5. O-O O-O 6. Bg5 h6 7. Bh4 Be7 8. a4 d6 9. Nc3 Nh7 10. Bg3 Ng5 11. h3 Be6 12. Bxe6 fxe6 13. Nxg5 Bxg5 14. Ne2 Qd7 15. c3 a5 16. Qb3 Kh8 17. Rad1 b6 18. d4 exd4 19. cxd4 d5 20. exd5 exd5 21. Nc3 Nb4 22. Be5 Bf4 23. Ne2 Bxe5 24. dxe5 c5 25. f4 d4 26. Nc3 Qc6 27. Nb5 Rad8 28. Qg3 d3 29. f5 c4 30. Kh2 Nd5 31. Nd4 Qxa4 32. Ne6 Qd7 33. Nxd8 Qxd8 34. Rde1 b5 35. e6 Qe7 36. Re4 Rd8 37. Rd4 Qc5 38. Qe5 Qd6 39. Qxd6 Rxd6 40. e7 1-0

[Event "January 9 Early 2024"]
[Site "https://www.chess.com"]
[Date "2024.01.11"]
[Round "3"]
[White "Paikens, Reinis"]
[Black "Andreev, Konstantin"]
[Result "0-1"]
[Board "122"]
[TimeControl "180+1"]
[WhiteFideId "11624078"]
[BlackFideId "24239305"]
[WhiteElo "2254"]
[BlackElo "2547"]
[WhiteTeam "LAT"]
[BlackTeam "ITA"]
[WhiteClock "0:00:03"]
[BlackClock "0:01:01"]

1. c4 e5 2. Nc3 Nf6 3. g3 d5 4. cxd5 Nxd5 5. Bg2 Nb6 6. a4 Nc6 7. a5 Nd7 8. a6 Rb8 9. Qa4 Nb6 10. Qb5 Bd7 11. axb7 Nb4 12. Qxe5+ Be7 13. Qe4 O-O 14. Nf3 Bc6 15. Qb1 Rxb7 16. O-O Bf6 17. d3 N6d5 18. Ne4 Be7 19. Bd2 f5 20. Nc3 Bf6 21. Nxd5 Nxd5 22. Qc2 Qd7 23. Rab1 Rfb8 24. Bc3 Ba4 25. Qc1 Nxc3 26. bxc3 Rxb1 27. Qxb1 Rxb1 28. Rxb1 Bxc3 29. h4 h6 30. h5 Bc6 31. Rc1 Bf6 32. Ne5 Bxe5 33. Bxc6 Qd6 34. Bf3 a5 35. Rc6 Qe7 36. Ra6 Qb4 37. Bd5+ Kf8 38. Bc4 a4 39. Kg2 a3 40. Re6 Bd6 0-1

[Event "January 9 Early 2024"]
[Site "https://www.chess.com"]
[Date "2024.01.11"]
[Round "3"]
[White "Mabusela, Johannes Manyedi"]
[Black "Latreche, Khadidja"]
[Result "1-0"]
[Board "123"]
[TimeControl "180+1"]
[WhiteFideId "14300702"]
[BlackFideId "7901780"]
[WhiteElo "2388"]
[BlackElo "2134"]
[WhiteTeam "RSA"]
[BlackTeam "ALG"]
[WhiteClock "0:00:56"]
[BlackClock "0:00:01"]

1. e4 c5 2. Nc3 e6 3. Nf3 Nc6 4. d4 cxd4 5. Nxd4 Qc7 6. f4 a6 7. Nf3 Bb4 8. Bd3 Nf6 9. O-O d6 10. Kh1 O-O 11. Bd2 Bc5 12. Qe1 b5 13. e5 dxe5 14. fxe5 Nd5 15. Qh4 g6 16. Ng5 h5 17. Nxd5 exd5 18. e6 f6 19. Bxg6 fxg5 20. Qxh5 Bxe6 21. Qxg5 Qg7 22. Qh5 Rxf1+ 23. Rxf1 Rf8 24. Re1 Bd7 25. Bh6 Qf6 26. Bxf8 Kxf8 27. Qxd5 Be7 28. Qxd7 Qxg6 29. Rf1+ Kg7 30. h3 Qd6 31. Qg4+ Qg6 32. Qf3 Bd6 33. Qxc6 Qg3 34. Qd7+ 1-0

[Event "January 9 Early 2024"]
[Site "https://www.chess.com"]
[Date "2024.01.11"]
[Round "3"]
[White "Andreikin, Dmitry"]
[Black "Bazilius, Augustinas"]
[Result "0-1"]
[Board "124"]
[TimeControl "180+1"]
[WhiteFideId "4158814"]
[BlackFideId "12832251"]
[WhiteElo "3092"]
[BlackElo "2544"]
[WhiteTeam "FID"]
[BlackTeam "LTU"]
[WhiteClock "0:00:14"]
[BlackClock "0:00:33"]

1. d4 Nf6 2. c4 g6 3. Nc3 d6 4. e4 Bg7 5. h3 O-O 6. Be3 Nbd7 7. Nf3 a6 8. Bd3 c5 9. O-O cxd4 10. Bxd4 Nc5 11. Bc2 Bd7 12. e5 Ne8 13. exd6 exd6 14. Re1 Nf6 15. b3 Bc6 16. Re3 Ne6 17. Bxf6 Qxf6 18. Rb1 Bh6 19. Ne4 Qe7 20. Re1 Rad8 21. Nc3 Bg7 22. Nd5 Qd7 23. Qd2 Rfe8 24. Rbd1 Nc5 25. h4 Qg4 26. Re7 Ne6 27. Re1 Bxd5 28. Rxe8+ Rxe8 29. Qxd5 Re7 30. Qxd6 Nf4 31. g3 Qxf3 32. Qd8+ Bf8 0-1